 Dungeon Crawl Stone Soup version 0.31.0-11-ge490571c62 (webtiles) character file.

Game seed: 3371938617622503758

4041 Arctor the Thaumaturge (level 10, 0/55 HPs)
             Began as a Deep Elf Fire Elementalist on Feb 6, 2024.
             Was a Follower of the Shining One.
             Slain by a kobold brigand
             ... wielding a +0 whip
              (5 damage)
             ... on level 8 of the Dungeon.
             The game lasted 00:10:48 (10815 turns).

Arctor the Thaumaturge (DEFE)                      Turns: 10815, Time: 00:10:49

Health: 0/55       AC:  5    Str:  5    XL:     10   Next: 4%
Magic:  20/24      EV: 23    Int: 25    God:    the Shining One [*.....]
Gold:   464        SH:  0    Dex: 21    Spells: 19/26 levels left

rFire   . . .        p - +0 dagger (venom)
rCold   . . .        (no shield)
rNeg    . . .        a - +0 robe
rPois   .            q - +0 helmet
rElec   .            k - +1 cloak
rCorr   .            (no gloves)
SInv    .            (no boots)
Will    +....        G - amulet of magic regeneration
Stlth   ++           o - +5 ring of evasion
HPRegen 0.29/turn    w - +6 ring of dexterity
MPRegen 0.59/turn

%: no passive effects
@: mighty, lethally poisoned (0 -> -4), slowed, glowing, invisible (but backlit
and visible), very slow
A: claws 1, robust 1
a: Renounce Religion, Divine Shield


You were on level 8 of the Dungeon.
You worshipped the Shining One.
The Shining One was aware of your devotion.
You visited 2 branches of the dungeon, and saw 9 of its levels.

You collected 464 gold pieces.

Inventory:

Hand Weapons
 p - a +0 dagger of venom (weapon)
Armour
 a - a +0 robe (worn)
 k - a +1 cloak (worn)
 q - a +0 helmet (worn)
 v - a +0 cloak of preservation
Jewellery
 f - an amulet of regeneration
 o - a +5 ring of evasion (left claw)
 w - a +6 ring of dexterity (right claw)
 G - an amulet of magic regeneration (around neck)
Wands
 r - a wand of roots (36)
 A - a wand of flame (18)
 B - a wand of paralysis (7)
Scrolls
 c - a scroll of acquirement
 e - 3 scrolls of enchant armour
 g - 5 scrolls of teleportation
 t - 2 scrolls of amnesia
 x - a scroll of immolation {unknown}
 y - a scroll of noise {unknown}
 D - a scroll of poison {unknown}
 E - a scroll of enchant weapon {unknown}
Potions
 b - a potion of magic
 d - a potion of invisibility
 i - 3 potions of curing {unknown}
 j - a potion of cancellation
 l - 2 potions of might
 m - 2 potions of heal wounds {unknown}
 n - a potion of enlightenment
 u - a potion of haste {unknown}
 C - a potion of attraction {unknown}
 F - 2 potions of lignification {unknown}
 H - a potion of degeneration {unknown}


   Skills:
 + Level 8.0 Dodging
 + Level 8.7 Stealth
 + Level 8.9 Spellcasting
 + Level 7.0 Conjurations
 + Level 7.7 Fire Magic
 + Level 2.5 Invocations


You had 19 spell levels left.
You knew the following spells:

 Your Spells              Type           Power      Damage    Failure   Level
a - Foxfire               Conj/Fire      100%       2x1d9     1%          1
b - Scorch                Fire           98%        2d9       1%          2
c - Flame Wave            Conj/Fire      48%        2d12      2%          4

Your spell library contained the following spells:

 Spells                   Type           Power      Damage    Failure   Level
 Sting                    Conj/Alch      100%       1d9       1%          1
 Inner Flame              Hex/Fire       30%        N/A       3%          3
 Stone Arrow              Conj/Erth      56%        3d10      3%          3
 Volatile Blastmotes      Fire/Tloc      60%        2d15      3%          3
 Apportation              Tloc           22%        N/A       5%          1
 Necrotise                Necr           44%        1d6       5%          1
 Sandblast                Erth           22%        2d7       5%          1
 Summon Small Mammal      Summ           44%        N/A       5%          1
 Brom's Barrelling Bould  Conj/Erth      28%        2d5       13%         4
 Passwall                 Erth           11%        N/A       17%         3
 Vampiric Draining        Necr           11%        2d6       17%         3
 Martyr's Knell           Necr/Summ      11%        N/A       50%         4
 Curse of Agony           Necr           11%        N/A       83%         5


Dungeon Overview and Level Annotations

Branches:
Dungeon (8/15)             Temple (1/1) D:5            Lair (0/5) D:8

Altars:
Cheibriados
Dithmenos
Elyvilon
Gozag
Hepliaklqana
Kikubaaqudgha
Makhleb
Nemelex Xobeh
Okawaru
Qazlal
Sif Muna
Trog
Uskayaw
Vehumet
Wu Jian
Xom
Yredelemnul
The Shining One

Annotations:
D:4 3 runed translucent doors, knightboat's ghost, amateur VSBr
D:8 Erica; Maggie


Innate Abilities, Weirdness & Mutations

You have sharp fingernails.
You are robust. (+10% HP)


Message History

Erica barely misses you. Erica closely misses you.
Casting: Scorch (safe; 1% risk of failure)
Confirm with . or Enter, or press ? or * to list all spells.
Flames lash Erica.
Erica is burned terribly!
Erica is heavily wounded.
The kobold brigand throws a curare-tipped dart.
The curare-tipped dart hits you.
You are poisoned.
You have difficulty breathing.
You feel yourself slow down. Erica barely misses you. x2
Casting: Scorch (safe; 1% risk of failure)
Confirm with . or Enter, or press ? or * to list all spells.
Flames lash the kobold brigand.
The kobold brigand is heavily wounded.
The kobold brigand's fire resistance burns away.
You feel very sick.
Erica hits you with a +2 scimitar of flaming!!
Erica burns you! Erica grabs you. Erica constricts you.
* * * LOW HITPOINT WARNING * * *
Erica casts a spell.
Erica flickers and vanishes for a moment.
Erica constricts you.
* * * LOW HITPOINT WARNING * * *
You escape Erica's grasp.
Your foxfire dissipates!
* * * LOW HITPOINT WARNING * * *
You feel very sick.
The kobold brigand attacks as it pursues you!
The kobold brigand misses you.
It was a potion of invisibility.
You become transparent, but the glow from your halo prevents you from becoming completely invisible.
* * * LOW HITPOINT WARNING * * *
You feel very sick.
The kobold brigand completely misses you. x2
It was a potion of might.
You feel very mighty all of a sudden.
* * * LOW HITPOINT WARNING * * *
You feel sick.
The kobold brigand hits you with a +0 whip.
You die...

#.....#,******,* ******
#.....#,,,.,,,,* ,,,,,**
#.....#,,).***** ,,,,,,*
##.....##.#,* ,,,,,,*
#.......).*,### *****,*
*#......#.#,#.####### ,,*,,**
****#..{.....###.....(.#
*,********,,,*v#K######...####.##
*,* *,,*,,,*,#@#....#.#.####.##
*,* *,,*,_,+,#....#.#...##.....
*,* *,,*,,,*,######.###.######.
,,* ****,,,#.##.....###....###.
*** ****#...............#...
######..........>#### ***
#.####...........####
*,###.#.....########.#...
*,#...#.....# #.#.##


You could see a kobold brigand (combustible).

Vanquished Creatures
  Grinder (D:3)
  A slime creature (D:8)
  A shadow (D:5)
  A wyvern (D:7)
  Duvessa (D:5)
  4 black bears
  3 sky beasts
  An ice beast (D:5)
  4 ogres
  A centaur (D:6)
  2 phantoms (D:4)
  A bullfrog (D:6)
  7 scorpions
  10 wights (D:6)
  Dowan (D:5)
  2 jellies
  2 bombardier beetles
  4 hounds
  A gnoll bouda (D:8)
  2 orc priests (D:6)
  2 sleepcaps
  Ijyb (D:4)
  4 orc wizards
  7 iguanas
  Robin (D:4)
  8 gnolls
  8 adders
  A shadow imp (D:5)
  2 dart slugs
  A ribbon worm (D:3)
  17 orcs
  7 endoplasms
  3 giant cockroaches
  13 goblins
  11 hobgoblins
  2 jackals (D:2)
  10 kobolds
  8 quokkas
  7 ball pythons
  3 bats
  A frilled lizard (D:2)
  4 rats
171 creatures vanquished.

Vanquished Creatures (collateral kills)
  2 foxfires (D:1)
2 creatures vanquished.

Vanquished Creatures (others)
  An endoplasm (D:4)
  1058 foxfires
1059 creatures vanquished.

Grand Total: 1232 creatures vanquished

Notes
Turn   | Place    | Note
-------+----------+-------------------------------------------
     0 | D:1      | Arctor the Deep Elf Fire Elementalist began the quest for
                  | the Orb.
     0 | D:1      | Reached XP level 1. HP: 10/10 MP: 6/6
   263 | D:1      | Reached XP level 2. HP: 15/15 MP: 2/8
   346 | D:1      | Learned a level 2 spell: Scorch
  1447 | D:2      | Reached XP level 3. HP: 17/19 MP: 3/9
  2041 | D:2      | Found a stormy altar of Qazlal.
  3273 | D:3      | Found a burning altar of Makhleb.
  3344 | D:3      | Found a snail-covered altar of Cheibriados.
  3773 | D:3      | Noticed Grinder
  3778 | D:3      | Paralysed by Grinder for 2 turns
  3782 | D:3      | Killed Grinder
  3783 | D:3      | Reached XP level 4. HP: 24/24 MP: 0/12
  3783 | D:3      | Reached XP level 5. HP: 28/28 MP: 0/13
  4513 | D:4      | Noticed Robin
  4567 | D:3      | Identified a scroll of acquirement
  4574 | D:4      | Reached XP level 6. HP: 32/32 MP: 9/14
  4613 | D:4      | Found a runed translucent gate.
  4613 | D:4      | Found a runed translucent gate.
  4613 | D:4      | Found a runed translucent gate.
  4615 | D:4      | Found an opulent altar of Gozag.
  4841 | D:4      | Reached skill level 5 in Spellcasting
  5024 | D:4      | Reached XP level 7. HP: 36/36 MP: 12/16
  5176 | D:4      | Killed Robin
  5342 | D:4      | Reached skill level 5 in Stealth
  5365 | D:4      | Reached skill level 5 in Fire Magic
  5428 | D:4      | Reached skill level 5 in Dodging
  5562 | D:4      | Noticed Ijyb
  5568 | D:4      | Killed Ijyb
  5796 | D:4      | Noticed knightboat's ghost (amateur VSBr)
  6005 | D:5      | Entered Level 5 of the Dungeon
  6005 | D:5      | Noticed Duvessa
  6005 | D:5      | Noticed Dowan
  6029 | D:5      | Killed Duvessa
  6050 | D:5      | Found an opulent altar of Gozag.
  6053 | D:5      | Noticed a shadow
  6073 | D:5      | Killed a shadow
  6074 | D:5      | Reached XP level 8. HP: 41/41 MP: 3/19
  6549 | D:5      | Identified the +6 quarterstaff of Mandamus {antimagic,
                  | ^Contam Str+6 Int+4}
  6557 | D:5      | Killed Dowan
  6558 | D:5      | Reached skill level 5 in Conjurations
  6647 | D:5      | Found a shadowy altar of Dithmenos.
  6816 | D:5      | Found a staircase to the Ecumenical Temple.
  6852 | Temple   | Entered the Ecumenical Temple
  6858 | Temple   | Learned a level 4 spell: Flame Wave
  6876 | Temple   | Became a worshipper of the Shining One
  7049 | D:5      | Found an ornate altar of the Wu Jian Council.
  7600 | D:6      | Reached XP level 9. HP: 27/45 MP: 6/22
  8230 | D:6      | Reached * piety under the Shining One
  8945 | D:7      | Reached skill level 1 in Invocations
  9527 | D:7      | Found a hide-covered altar of Uskayaw.
 10171 | D:1      | Gained mutation: You are robust. (+10% HP) [potion of
                  | mutation]
 10171 | D:1      | Gained mutation: You have sharp fingernails. [potion of
                  | mutation]
 10311 | D:8      | Noticed Maggie
 10493 | D:8      | Reached XP level 10. HP: 52/55 MP: 9/24
 10641 | D:8      | Found a staircase to the Lair.
 10808 | D:8      | Noticed Erica
 10815 | D:8      | Slain by a kobold brigand

Illustrated notes

Levels and vault maps discovered:
D:1:      lightli_arrival_quake, layout_basic, serial_forest,
          infiniplex_forest_corner_1, infiniplex_forest_clump_tiny,
          infiniplex_forest_end_2, infiniplex_forest_straight_4
D:2:      layout_basic, basic_altar
D:3:      layout_basic, mainiacjoe_overflow_cross_hatched,
          kennysheep_slug_shrine, uniq_grinder
D:4:      minmay_opposing_rooms, layout_rooms, ebering_ghost_gozag,
          dreamdust_gnoll_farm, uniq_robin, uniq_ijyb
D:5:      layout_basic, nzn_wu_jian_contemplation,
          nicolae_dithmenos_the_darkroom, grunt_gozag_statues,
          minmay_temple_entry_glass, uniq_duvessa
D:6:      layout_loops_ring
D:7:      layout_loops_ring, lemuel_tele_altar
D:8:      layout_basic, zin_scriptorium, lair_entry_dummy, serial_shops,
          shop_coins, minmay_checkerbox, uniq_maggie, uniq_erica, uniq_maurice
Temple:   chequers_temple_sunken

Skill      XL: |  1  2  3  4  5  6  7  8  9 |
---------------+----------------------------+-----
Stealth        | 3 4 5 7 8 |  8.7
Dodging        | 4 5 6 8 |  8.0
Conjurations   | 3 4 5 7 |  7.0
Spellcasting   | 4 5 6 7 8 |  8.9
Fire Magic     | 4 5 6 7 |  7.7
Invocations    | 2 |  2.5

Action                     |  1- 3 |  4- 6 |  7- 9 | 10-12 || total
---------------------------+-------+-------+-------+-------++-------
  Melee: Unarmed           |    11 |       |       |       ||    11
         Punch             |     1 |       |     1 |       ||     2
         Dagger            |       |       |    18 |       ||    18
   Cast: Foxfire           |   177 |    80 |   384 |    16 ||   657
         Scorch            |    11 |     2 |    66 |     5 ||    84
    Use: Scroll            |       |     3 |     4 |     1 ||     8
         Potion            |       |       |     2 |     2 ||     4
   Stab: Sleeping          |       |       |     2 |       ||     2
 Armour: Robe              |    22 |     7 |    25 |     3 ||    57
  Dodge: Dodged            |    19 |    15 |    56 |     9 ||    99
